AoeStats
← Kiritastrich

MegaRandom

506533074Analyzed
1v1 RM · 18d ago on Sep 13, 2026· 23m 43s· 2 players
Game mode
Random Map
Map size
Tiny (2 player)
Population
200
Speed
Normal
Resources
Standard
Victory
Conquest
Starting age
Dark Age
Ending age
Imperial Age
RankedLock teamsTeams togetherTeam positionsShared explorationLock speedFull tech treeHidden civsTurbo modeCheats
Victory
Defeat
🇷🇺 Aztecs · Russia
1842
+16
🇦🇷 Khmer · Argentina
1852
-16
Kiritastrich
9:26 Loom
9:45 Loom
13:38 Feudal Age
17:30 Castle Age
16:11 Fletching
16:58 Padded Archer Armor
17:28 Scale Mail Armor
17:37 Eagle Warrior
20:15 Chain Mail Armor
21:23 Bodkin Arrow
21:30 Elite Skirmisher
FMarcoss
7:29 Loom
9:46 Feudal Age
10:24 Double-Bit Axe
12:55 Fletching
20:15 Castle Age
20:16 Bloodlines
20:57 Bodkin Arrow
20:25 Crossbowman
Connection lost

Rejoining the realm…

Still unreachable

The connection could not be restored.

Session expired

The server has moved on; the page needs a fresh start.